 Dungeon Crawl Stone Soup version 0.17.1-3-g152610e (webtiles) character file.

21 juanjsm the Stinger (level 2, 0/13 HPs)
             Began as a Spriggan Venom Mage on Apr 10, 2016.
             Killed from afar by an orc wizard (5 damage)
             ... with a magic dart
             ... on level 4 of the Dungeon.
             The game lasted 00:03:48 (730 turns).

juanjsm the Stinger (Spriggan Venom Mage)            Turns: 730, Time: 00:03:48

Health: 0/13       AC:  2    Str:  4    XL:     2   Next: 65%
Magic:  6/6        EV: 18    Int: 16    God:
Gold:   16         SH:  0    Dex: 16    Spells: 2 memorised, 3 levels left

rFire  . . .     SeeInvis +     i - +0 dagger
rCold  . . .     Clarity  .     a - +0 robe
rNeg   . . .     SustAt   .     (shield restricted)
rPois  .         Gourm    .     (helmet restricted)
rElec  .         Spirit   .     (no cloak)
rCorr  .         Warding  .     (gloves unavailable)
rMut   .         Stasis   .     (boots unavailable)
MR     .....                    (no amulet)
Stlth  +++.......               (no ring)
                                (no ring)

@: very quick, not resistant to hostile enchantments, fairly stealthy
A: unfitting armour, see invisible, herbivore 3, speed 3, slow metabolism 2
a: no special abilities


You were on level 4 of the Dungeon.
You were not hungry.

You visited 1 branch of the dungeon, and saw 4 of its levels.

You collected 16 gold pieces.

Inventory:

Hand Weapons
 i - a +0 dagger (weapon)
Missiles
 e - 25 stones (quivered)
Armour
 a - a +0 robe (worn)
Scrolls
 f - a scroll of enchant weapon {unknown}
 j - a scroll of remove curse {unknown}
Potions
 d - 2 potions of curing {unknown}
 g - 2 potions of lignification {unknown}
 h - a potion of magic {unknown}
 k - a potion of cancellation {unknown}
 l - a potion of resistance {unknown}
 m - a potion of flight {unknown}
 n - a potion of heal wounds {unknown}
Books
 b - a Young Poisoner's Handbook

   Spells                             Type                      Level
   a - Sting                          Conjuration/Poison           1
   b - Cure Poison                    Poison                       2
   c - Mephitic Cloud                 Conjuration/Poison/Air       3
   d - Olgreb's Toxic Radiance        Poison                       4
   e - Venom Bolt                     Conjuration/Poison           5
Comestibles
 c - a bread ration


   Skills:
 + Level 3.3 Dodging
 + Level 3.4 Stealth
 + Level 2.7 Spellcasting
 + Level 0.1 Conjurations
 + Level 4.4 Poison Magic


You had 3 spell levels left.
You knew the following spells:

 Your Spells              Type           Power        Failure   Level  Hunger
a - Sting                 Conj/Pois      #...         10%         1    #......
b - Cure Poison           Pois           ###.......   6%          2    ##.....


Dungeon Overview and Level Annotations

Branches:
Dungeon (4/15)
 Temple: D:4-7

Altars:


Innate Abilities, Weirdness & Mutations

You are tiny and cannot use many weapons and most armour.
You have supernaturally acute eyesight.
You are a herbivore.
You cover ground extremely quickly.
You need consume almost no food.


Message History

The orc wizard seems to speed up.
An ogre comes into view. It is wielding a giant spiked club.
An orc wizard comes into view. It is wielding a dagger.
The orc wizard shouts! 2 orcs come into view.
The orc shouts!
A quokka skeleton comes into view.
The orc wizard gestures at you while chanting.
The puff of frost hits you!
Ouch! That really hurt!
You open the door.
The orc wizard miscasts a cantrip.
There is an open door here.
You close the door.
An orc wizard opens the door.
The orc wizard gestures at you while chanting.
The puff of frost misses you. The orc wizard casts a spell at you.
The magic dart hits you!
You die...

.################
.......@........########
.#########...o..........
#.####.######## #...##.#
###.##.# .##.########
...##...... ...##......
..##......


You could see an orc wizard.

Vanquished Creatures
  An ooze (D:1)
  5 goblins (D:1)
  2 hobgoblins
  2 jackals (D:1)
  A kobold (D:1)
  4 bats
  A giant cockroach (D:3)
  A giant newt (D:1)
  2 rats (D:1)
19 creatures vanquished.

Notes
Turn   | Place    | Note
--------------------------------------------------------------
     0 | D:1      | juanjsm the Spriggan Venom Mage began the quest for the Orb.
     0 | D:1      | Reached XP level 1. HP: 9/9 MP: 5/5
   249 | D:1      | Reached XP level 2. HP: 10/13 MP: 2/6
   253 | D:1      | Learned a level 2 spell: Cure Poison
   686 | D:4      | Noticed a phantom
   695 | D:4      | Noticed an ogre
   730 | D:4      | Killed from afar by an orc wizard

Action                   || total
-------------------------++-------
Melee: Dagger            ||    31
       Unarmed           ||     3
 Cast: Sting             ||    23
 Stab: Sleeping          ||     5
